 Dungeon Crawl Stone Soup version 0.21.0-25-ge575cb9 (webtiles) character file.

2390 tidbits the Magician (level 9, 0/69 HPs)
             Began as a Gnoll Warper on Jan 24, 2018.
             Slain by a gnoll
             ... wielding a +0 halberd
              (13 damage)
             ... in a bailey.
             The game lasted 00:24:47 (2072 turns).

tidbits the Magician (Gnoll Warper)                 Turns: 2072, Time: 00:24:47

Health: 0/69       AC:  6    Str: 14    XL:     9   Next: 46%
Magic:  7/18       EV: 15    Int: 18    God:
Gold:   306        SH:  5    Dex: 15    Spells: 11/21 levels left

rFire    . . .     SeeInvis .   i - +2 whip (venom)
rCold    . . .     Gourm    .   D - +0 buckler
rNeg     . . .     Faith    .   b - +0 leather armour
rPois    .         Spirit   .   (no helmet)
rElec    .         Reflect  .   C - +0 cloak
rCorr    .         Harm     .   G - +0 pair of gloves
MR       .....                  (no boots)
Stlth    ++........             (no amulet)
HPRegen  0.21/turn              W - ring of wizardry
MPRegen  0.16/turn              (no ring)

@: no status effects
A: distributed training, fangs 1, strong nose
a: no special abilities


You were in a bailey.
You were not hungry.

You visited 1 branch of the dungeon, and saw 9 of its levels.
You also visited: Bailey.

You collected 306 gold pieces.

Inventory:

Hand Weapons
 a - a +1 hand axe of freezing
   (You found it on level 1 of the Dungeon)
 d - a +0 dagger
 g - a +0 long sword
 i - a +2 whip of venom (weapon)
   (You found it on level 7 of the Dungeon)
 q - a +0 flail
 u - a +0 halberd of electrocution
   (You took it off a gnoll in a bailey)
 w - a +0 whip of freezing
   (You took it off Pikel on level 6 of the Dungeon)
 y - a +0 short sword
 z - a +0 halberd of electrocution
   (You took it off a gnoll in a bailey)
 A - a +2 halberd of electrocution
   (You took it off a gnoll in a bailey)
 F - a +2 halberd of electrocution
   (You took it off a gnoll in a bailey)
Missiles
 e - 5 tomahawks of dispersal {!f}
 j - 2 throwing nets {!f}
 n - 2 tomahawks
 o - 53 tomahawks of returning (quivered)
 s - 46 arrows
Armour
 b - a +0 leather armour (worn)
 C - a +0 cloak (worn)
 D - a +0 buckler (worn)
 G - a +0 pair of gloves (worn)
Jewellery
 W - a ring of wizardry (left hand)
   (You found it on level 1 of the Dungeon)
Wands
 h - a wand of flame (52)
 l - a wand of random effects (7)
Scrolls
 k - a scroll of blinking
 p - 3 scrolls of remove curse
 r - 3 scrolls of teleportation
 v - a scroll of enchant weapon
Potions
 t - 2 potions of flight
 B - a potion of mutation {unknown}
Books
 f - a book of Spatial Translocations

   Spells                             Type                      Level
   a - Blink                          Translocation                2
   b - Shroud of Golubria             Charms/Translocation         2
   c - Lesser Beckoning               Translocation                3
   d - Gell's Gravitas                Translocation                3
   e - Teleport Other                 Translocation                3
   f - Passage of Golubria            Translocation                4
Comestibles
 c - 15 rations


   Skills:
 + Level 6.3 Fighting
 + Level 6.3 Short Blades
 + Level 4.2 Long Blades
 + Level 4.2 Axes
 + Level 4.2 Maces & Flails
 + Level 4.2 Polearms
 + Level 4.2 Staves
 + Level 4.2 Slings
 + Level 4.2 Bows
 + Level 4.2 Crossbows
 + Level 5.0 Throwing
 + Level 5.0 Armour
 + Level 6.3 Dodging
 + Level 4.2 Stealth
 + Level 4.2 Shields
 + Level 4.2 Unarmed Combat
 + Level 6.6 Spellcasting
 + Level 3.4 Conjurations
 + Level 3.4 Hexes
 + Level 3.4 Charms
 + Level 3.4 Summonings
 + Level 3.4 Necromancy
 + Level 6.5 Translocations
 + Level 3.4 Transmutations
 + Level 3.4 Fire Magic
 + Level 3.4 Ice Magic
 + Level 3.4 Air Magic
 + Level 3.4 Earth Magic
 + Level 3.4 Poison Magic
 + Level 4.6 Invocations
 + Level 4.2 Evocations


You had 11 spell levels left.
You knew the following spells:

 Your Spells              Type           Power        Failure   Level  Hunger
b - Blink                 Tloc           N/A          1%          2    None
g - Shroud of Golubria    Chrm/Tloc      ###.......   1%          2    None
l - Lesser Beckoning      Tloc           ####......   1%          3    ##.....
z - Gell's Gravitas       Tloc           ####......   1%          3    ##.....


Dungeon Overview and Level Annotations

Branches:
Dungeon (9/15)               Lair (0/6) D:8
 Temple: D:4-7          Orc: D:9-12

Altars:
Dithmenos
Qazlal
Trog
Wu Jian
Xom
Zin


Innate Abilities, Weirdness & Mutations

Your experience applies equally to all skills.
You have very sharp teeth.
Your uncanny sense of smell can sniff out nearby items.


Message History

The kobold moves out of view.
The hobgoblin moves out of view.
Found 2 potions of magic and a fuming sapphire potion.
Unknown command.
Okay, then.
Okay, then.
Evoke which item? (* to show all) (? for menu, Esc to quit)
Aiming: Enslavement
Press: ? - help, Shift-Dir - straight line, f - gnoll
Aim: a gnoll, wielding a halberd of electrocution (resting, chance to defeat MR: 67%)
The gnoll struggles to resist.
The kobold shouts! x2
The now-empty wand crumbles to dust.
The gnoll shouts!
The orc knight shouts!
You hear a shout!
The kobold moves out of view.
You hear a shout!
Evoke which item? (* to show all) (? for menu, Esc to quit)
Okay, then.
Magic courses through your body.
The kobold shouts!
The hobgoblin shouts!
The kobold throws a tomahawk of returning.
The tomahawk of returning closely misses you.
The weapon returns to the kobold!
Unknown command.
That item cannot be evoked!
Unknown command.
Casting: Gell's Gravitas
Confirm with . or Enter, or press ? or * to list all spells.
You don't know that spell.
Casting: Gell's Gravitas
Confirm with . or Enter, or press ? or * to list all spells.
Aiming: Gell's Gravitas
Press: ? - help, Dir - move target cursor, f - kobold, p - gnoll
Aim: a kobold Gravity reorients around the kobold.
The kobold collides with the kobold!
You kill the kobold! x2
The gnoll collides with the gnoll!
The orc knight collides with the gnoll!
Something collides with the gnoll!
The gnoll collides with the gnoll!
You kill the gnoll!
The gnoll closely misses you.
A kobold comes into view.
Evoke which item? (* to show all) (? for menu, Esc to quit)
Aiming: Corrosive Bolt
Press: ? - help, Shift-Dir - straight line, f - orc knight
Aim: an orc knight, wielding an enchanted battleaxe and wearing a chain mail The bolt of acid hits the gnoll.
The gnoll is splashed with acid.
The acid corrodes the gnoll!
You kill the gnoll!
The bolt of acid misses the orc knight.
The now-empty wand crumbles to dust.
The kobold moves out of view.
The hobgoblin throws a tomahawk of returning.
The tomahawk of returning barely misses you.
The kobold drinks a potion.
The kobold goes berserk!
Unknown command.
Evoke which item? (* to show all) (? for menu, Esc to quit)
Okay, then.
Okay, then.
That item cannot be evoked!
Unknown command.
Casting: Gell's Gravitas
Confirm with . or Enter, or press ? or * to list all spells.
Aiming: Gell's Gravitas
Press: ? - help, Dir - move target cursor, f - kobold, p - orc knight
Aim: a kobold (berserk, fast, unusually strong) Gravity reorients around the kobold.
Something collides with the kobold!
The gnoll collides with the kobold!
You kill the kobold!
The hobgoblin collides with the orc knight!
You kill the hobgoblin!
The kobold throws a tomahawk of returning.
The tomahawk of returning hits you.
* * * LOW HITPOINT WARNING * * *
Unknown command.
Evoke which item? (* to show all) (? for menu, Esc to quit)
Okay, then.
Unknown command.
Evoke which item? (* to show all) (? for menu, Esc to quit)
Aiming: Random Effects
Press: ? - help, Shift-Dir - straight line The puff of flame hits the orc knight.
The orc knight is lightly wounded.
Casting: Gell's Gravitas
Confirm with . or Enter, or press ? or * to list all spells.
Aiming: Gell's Gravitas
Press: ? - help, Dir - move target cursor, f - gnoll
Aim: a gnoll, wielding a halberd (lightly wounded) Gravity reorients around the gnoll.
The kobold collides with the gnoll!
The gnoll collides with the gnoll!
The orc knight collides with the gnoll!
Unknown command.
Unknown command.
Casting: Gell's Gravitas
Confirm with . or Enter, or press ? or * to list all spells.
Aiming: Gell's Gravitas
Press: ? - help, Dir - move target cursor, f - gnoll, p - gnoll
Aim: a gnoll, wielding a halberd (heavily wounded) Gravity reorients around the gnoll.
The gnoll collides with the gnoll!
The orc knight collides with the gnoll!
The orc knight hits you with an enchanted battleaxe!
* * * LOW HITPOINT WARNING * * *
The gnoll hits you from afar with a halberd!
You die...

#g#.#
#.###.#
'##' '#
#'##'##'##
#..!
#..)..##
#.!..
###..††.###
'..⌠.∆
#.'..⌠..'.#
.(!K
###.....###


gg# ##.....# #o###'##'##'# #@')###.# #.# ##### ### ## You could see an orc
knight, 2 gnolls and a kobold.

Vanquished Creatures
  The ghost of Dirian the Carver, a novice MiFi of Zin (D:7)
  Pikel (D:6)
  A centaur zombie (D:8)
  Duvessa (D:4)
  A sky beast (D:6)
  An ogre (D:7)
  A centaur (D:6)
  Dowan (D:4)
  3 crimson imps (D:5)
  A jelly (D:5)
  3 hounds
  2 orc wizards
  3 iguanas (D:7)
  4 worker ants
  A worker ant zombie (D:5)
  3 adders
  11 gnolls (Bailey)
  2 worms (D:2)
  A leopard gecko (D:5)
  9 orcs
  A bat (D:2)
  5 giant cockroaches
  A goblin (D:1)
  9 hobgoblins
  5 jackals
  4 frilled lizards
  12 kobolds
88 creatures vanquished.

Vanquished Creatures (collateral kills)
  A jackal (D:6)
1 creature vanquished.

Vanquished Creatures (others)
  A slave (D:6)
  A howler monkey (D:6)
  An adder (D:6)
  A jackal (D:6)
4 creatures vanquished.

Grand Total: 93 creatures vanquished

Notes
Turn   | Place    | Note
-------+----------+-------------------------------------------
     0 | D:1      | tidbits the Gnoll Warper began the quest for the Orb.
     0 | D:1      | Reached XP level 1. HP: 20/20 MP: 6/6
   224 | D:2      | Reached XP level 2. HP: 18/26 MP: 7/7
   228 | D:2      | Learned a level 2 spell: Blink
   231 | D:2      | Learned a level 2 spell: Shroud of Golubria
   392 | D:3      | Found a shadowy altar of Dithmenos.
   393 | D:3      | Found a shimmering altar of Xom.
   625 | D:4      | Reached skill level 5 in Spellcasting
   625 | D:4      | Reached skill level 1 in Invocations
   625 | D:4      | Reached XP level 3. HP: 22/31 MP: 4/9
   630 | D:4      | Learned a level 3 spell: Lesser Beckoning
   634 | D:4      | Learned a level 3 spell: Gell's Gravitas
   702 | D:4      | Noticed Duvessa
   725 | D:4      | Noticed Dowan
   749 | D:4      | Killed Duvessa
   749 | D:4      | Reached skill level 1 in Long Blades
   749 | D:4      | Reached skill level 1 in Axes
   749 | D:4      | Reached skill level 1 in Maces & Flails
   749 | D:4      | Reached skill level 1 in Polearms
   749 | D:4      | Reached skill level 1 in Staves
   749 | D:4      | Reached skill level 1 in Slings
   749 | D:4      | Reached skill level 1 in Bows
   749 | D:4      | Reached skill level 1 in Crossbows
   749 | D:4      | Reached skill level 1 in Stealth
   749 | D:4      | Reached skill level 1 in Shields
   749 | D:4      | Reached skill level 1 in Unarmed Combat
   749 | D:4      | Reached skill level 1 in Conjurations
   749 | D:4      | Reached skill level 1 in Hexes
   749 | D:4      | Reached skill level 1 in Charms
   749 | D:4      | Reached skill level 1 in Summonings
   749 | D:4      | Reached skill level 1 in Necromancy
   749 | D:4      | Reached skill level 1 in Transmutations
   749 | D:4      | Reached skill level 1 in Fire Magic
   749 | D:4      | Reached skill level 1 in Ice Magic
   749 | D:4      | Reached skill level 1 in Air Magic
   749 | D:4      | Reached skill level 1 in Earth Magic
   749 | D:4      | Reached skill level 1 in Poison Magic
   749 | D:4      | Reached skill level 1 in Evocations
   749 | D:4      | Reached XP level 4. HP: 36/38 MP: 11/11
   749 | D:4      | Reached XP level 5. HP: 40/43 MP: 12/12
   754 | D:4      | Killed Dowan
   754 | D:4      | Reached skill level 3 in Throwing
   754 | D:4      | Reached skill level 3 in Armour
   829 | D:4      | Reached XP level 6. HP: 50/50 MP: 13/13
   833 | D:4      | Reached skill level 2 in Invocations
   873 | D:5      | Entered Level 5 of the Dungeon
   962 | D:5      | Reached skill level 5 in Fighting
   962 | D:5      | Reached skill level 5 in Short Blades
   962 | D:5      | Reached skill level 5 in Dodging
   999 | D:5      | Reached skill level 2 in Long Blades
   999 | D:5      | Reached skill level 2 in Axes
   999 | D:5      | Reached skill level 2 in Maces & Flails
   999 | D:5      | Reached skill level 2 in Polearms
   999 | D:5      | Reached skill level 2 in Staves
   999 | D:5      | Reached skill level 2 in Slings
   999 | D:5      | Reached skill level 2 in Bows
   999 | D:5      | Reached skill level 2 in Crossbows
   999 | D:5      | Reached skill level 2 in Stealth
   999 | D:5      | Reached skill level 2 in Shields
   999 | D:5      | Reached skill level 2 in Unarmed Combat
   999 | D:5      | Reached skill level 2 in Evocations
  1093 | D:6      | Noticed a slave
  1098 | D:6      | Noticed Pikel
  1102 | D:6      | Noticed a slave
  1104 | D:6      | Noticed a slave
  1106 | D:6      | Noticed a slave
  1110 | D:6      | Killed Pikel
  1110 | D:6      | Reached skill level 2 in Conjurations
  1110 | D:6      | Reached skill level 2 in Hexes
  1110 | D:6      | Reached skill level 2 in Charms
  1110 | D:6      | Reached skill level 2 in Summonings
  1110 | D:6      | Reached skill level 2 in Necromancy
  1110 | D:6      | Reached skill level 2 in Transmutations
  1110 | D:6      | Reached skill level 2 in Fire Magic
  1110 | D:6      | Reached skill level 2 in Ice Magic
  1110 | D:6      | Reached skill level 2 in Air Magic
  1110 | D:6      | Reached skill level 2 in Earth Magic
  1110 | D:6      | Reached skill level 2 in Poison Magic
  1110 | D:6      | Reached skill level 3 in Invocations
  1110 | D:6      | Reached XP level 7. HP: 44/56 MP: 15/15
  1157 | D:6      | Reached skill level 6 in Translocations
  1157 | D:6      | Reached XP level 8. HP: 21/63 MP: 16/16
  1234 | D:6      | Found a stormy altar of Qazlal.
  1239 | D:6      | Found a glowing silver altar of Zin.
  1251 | D:6      | Reached skill level 3 in Long Blades
  1251 | D:6      | Reached skill level 3 in Axes
  1251 | D:6      | Reached skill level 3 in Maces & Flails
  1251 | D:6      | Reached skill level 3 in Polearms
  1251 | D:6      | Reached skill level 3 in Staves
  1251 | D:6      | Reached skill level 3 in Slings
  1251 | D:6      | Reached skill level 3 in Bows
  1251 | D:6      | Reached skill level 3 in Crossbows
  1251 | D:6      | Reached skill level 4 in Throwing
  1251 | D:6      | Reached skill level 4 in Armour
  1251 | D:6      | Reached skill level 3 in Stealth
  1251 | D:6      | Reached skill level 3 in Shields
  1251 | D:6      | Reached skill level 3 in Unarmed Combat
  1251 | D:6      | Reached skill level 3 in Evocations
  1262 | D:6      | Found an ornate altar of the Wu Jian Council.
  1389 | D:5      | Found a bloodstained altar of Trog.
  1407 | D:5      | Reached skill level 6 in Spellcasting
  1583 | D:7      | Noticed Dirian's ghost (novice MiFi)
  1592 | D:7      | Killed Dirian's ghost
  1592 | D:7      | Reached skill level 6 in Fighting
  1592 | D:7      | Reached skill level 6 in Short Blades
  1592 | D:7      | Reached skill level 6 in Dodging
  1592 | D:7      | Reached skill level 3 in Conjurations
  1592 | D:7      | Reached skill level 3 in Hexes
  1592 | D:7      | Reached skill level 3 in Charms
  1592 | D:7      | Reached skill level 3 in Summonings
  1592 | D:7      | Reached skill level 3 in Necromancy
  1592 | D:7      | Reached skill level 3 in Transmutations
  1592 | D:7      | Reached skill level 3 in Fire Magic
  1592 | D:7      | Reached skill level 3 in Ice Magic
  1592 | D:7      | Reached skill level 3 in Air Magic
  1592 | D:7      | Reached skill level 3 in Earth Magic
  1592 | D:7      | Reached skill level 3 in Poison Magic
  1592 | D:7      | Reached skill level 4 in Invocations
  1592 | D:7      | Reached XP level 9. HP: 52/69 MP: 18/18
  1875 | D:8      | Reached skill level 4 in Long Blades
  1875 | D:8      | Reached skill level 4 in Axes
  1875 | D:8      | Reached skill level 4 in Maces & Flails
  1875 | D:8      | Reached skill level 4 in Polearms
  1875 | D:8      | Reached skill level 4 in Staves
  1875 | D:8      | Reached skill level 4 in Slings
  1875 | D:8      | Reached skill level 4 in Bows
  1875 | D:8      | Reached skill level 4 in Crossbows
  1875 | D:8      | Reached skill level 4 in Stealth
  1875 | D:8      | Reached skill level 4 in Shields
  1875 | D:8      | Reached skill level 4 in Unarmed Combat
  1875 | D:8      | Reached skill level 4 in Evocations
  1903 | D:9      | Found a flagged portal.
  1923 | Bailey   | Entered a bailey
  1996 | Bailey   | Reached skill level 5 in Throwing
  1996 | Bailey   | Reached skill level 5 in Armour
  2064 | Bailey   | Noticed an orc knight
  2072 | Bailey   | Slain by a gnoll

Skill      XL: |  1  2  3  4  5  6  7  8  9 |
---------------+----------------------------+-----
Spellcasting   | 5 6 |  6.6
Invocations    | 1 3 4 |  4.6
Long Blades    | 1 2 3 4 |  4.2
Axes           | 1 2 3 4 |  4.2
Maces & Flails | 1 2 3 4 |  4.2
Polearms       | 1 2 3 4 |  4.2
Staves         | 1 2 3 4 |  4.2
Slings         | 1 2 3 4 |  4.2
Bows           | 1 2 3 4 |  4.2
Crossbows      | 1 2 3 4 |  4.2
Stealth        | 1 2 3 4 |  4.2
Shields        | 1 2 3 4 |  4.2
Unarmed Combat | 1 2 3 4 |  4.2
Conjurations   | 1 2 3 |  3.4
Hexes          | 1 2 3 |  3.4
Charms         | 1 2 3 |  3.4
Summonings     | 1 2 3 |  3.4
Necromancy     | 1 2 3 |  3.4
Transmutations | 1 2 3 |  3.4
Fire Magic     | 1 2 3 |  3.4
Ice Magic      | 1 2 3 |  3.4
Air Magic      | 1 2 3 |  3.4
Earth Magic    | 1 2 3 |  3.4
Poison Magic   | 1 2 3 |  3.4
Evocations     | 1 2 3 4 |  4.2
Throwing       | 3 4 5 |  5.0
Armour         | 3 4 5 |  5.0
Fighting       | 5 6 |  6.3
Short Blades   | 5 6 |  6.3
Dodging        | 5 6 |  6.3
Translocations | 6 |  6.5

Action                   |  1- 3 |  4- 6 |  7- 9 || total
-------------------------+-------+-------+-------++-------
Melee: Hand axe          |    40 |    57 |    96 ||   193
       Bite              |     6 |     7 |    17 ||    30
       Unarmed           |    11 |     5 |     6 ||    22
       Dagger            |       |     5 |     7 ||    12
       Flail             |       |       |    12 ||    12
       Whip              |       |       |    21 ||    21
       Punch             |       |       |     1 ||     1
Throw: Tomahawk          |       |       |     2 ||     2
 Cast: Shroud of Golubri |     6 |       |     1 ||     7
       Gell's Gravitas   |       |       |    12 ||    12
Evoke: Wand              |       |    13 |    24 ||    37
  Use: Scroll            |     5 |       |     8 ||    13
       Potion            |     5 |     3 |     5 ||    13
 Stab: Paralysed         |       |     3 |       ||     3
       Sleeping          |       |       |     3 ||     3
       Confused          |       |       |     1 ||     1
  Eat: Ration            |       |     1 |     1 ||     2
Armor: Leather armour    |    11 |    14 |    34 ||    59
       Skin              |    15 |     7 |     4 ||    26
Dodge: Dodged            |    41 |    51 |   126 ||   218
Block: Buckler           |       |       |    34 ||    34

Table legend:
 A = Turns spent in this place as a percentage of turns spent in the entire game.
 B = Non-inter-level travel turns spent in this place as a percentage of non-inter-level travel turns spent in the entire game.
 C = Inter-level travel turns spent in this place as a percentage of turns spent in this place.
 D = Turns resting spent in this place as a percentage of non-inter-level travel turns spent in this place.
 E = Turns spent auto-exploring this place as a percentage of non-inter-level travel turns spent in this place.
 F = Non-inter-level travel turns spent in this place divided by the number of levels of this place that you've seen.
                   A       B       C       D       E      F
               +-------+-------+-------+-------+-------+----------------------
         Total | 100.0 | 100.0 |   2.5 |   0.0 |   0.0 | 202.1
       Dungeon |  92.8 |  92.6 |   2.7 |   0.0 |   0.0 | 208.0
        Bailey |   7.2 |   7.4 |   0.0 |   0.0 |   0.0 | 149.0
               +-------+-------+-------+-------+-------+----------------------

Table legend:
 A = Kills in this place as a percentage of kills in entire the game.
 B = Kills by you in this place as a percentage of kills by you in the entire game.
 C = Kills by friends in this place as a percentage of kills by friends in the entire game.
 D = Other kills in this place as a percentage of other kills in the entire game.
 E = Experience gained in this place as a percentage of experience gained in the entire game.
 F = Experience gained in this place divided by the number of levels of this place that you have seen.
                   A       B       C       D       E      F
               +-------+-------+-------+-------+-------+----------------------
         Total | 100.0 | 100.0 | 100.0 | 100.0 | 100.0 | 341.5
       Dungeon |  66.7 |  65.9 | 100.0 | 100.0 |  94.4 | 358.3
        Bailey |  33.3 |  34.1 |   0.0 |   0.0 |   5.6 | 190.0
               +-------+-------+-------+-------+-------+----------------------

Vault maps used:
D:1:      lemuel_arrival_cross, corner_web_ring, minmay_misc_feat_columns,
          st_stairs_4
D:2:      kennysheep_the_goblin_king, first_ration
D:3:      nicolae_overflow_hidden_temple, guppyfry_early_lair_pool
D:4:      serial_shops, shop, uniq_duvessa
D:5:      old_standard_altar
D:6:      minitemple, minmay_temple_entry_trees, due_unseen_surprise, uniq_pikel
D:7:      grunt_ogre_cave
D:8:      lair_entry_dummy
D:9:      ashenzari_altar_1, enter_bailey_2, basic_altar
Bailey:   bailey_axe_2, bailey
